 Dungeon Crawl Stone Soup version 0.29-a0-270-g1586fc07ea (webtiles) character file.

Game seed: 5437494142285858849

41 bearlyready the Bolt Thrower (level 3, -6/20 HPs)
             Began as a Kobold Arcane Marksman on Mar 7, 2022.
             Mangled by Sigmund
             ... wielding a +0 scythe
              (9 damage)
             ... on level 2 of the Dungeon.
             The game lasted 00:04:21 (2181 turns).

bearlyready the Bolt Thrower (KoAM)                 Turns: 2181, Time: 00:04:22

Health: -6/20      AC:  3    Str:  4 (7)  XL:     3   Next: 75%
Magic:  3/4        EV: 15    Int: 12 (14) God:
Gold:   93         SH:  0    Dex: 15 (17) Spells: 3/4 levels left

rFire   + . .      SeeInvis .   a - +0 hand crossbow
rCold   + . .      Faith    .   (no shield)
rNeg    . . .      Spirit   .   b - +0 robe
rPois   +          Reflect  .   (no helmet)
rElec   +          Harm     .   f - +0 cloak
rCorr   +          Rampage  .   (no gloves)
Will    .....                   (no boots)
Stlth   ++........              (no amulet)
HPRegen 0.06/turn               (no ring)
MPRegen 0.09/turn               (no ring)

@: resistant, attractive
A: small, no large weapons, nightstalker 3
a: no special abilities


You were on level 2 of the Dungeon.
You visited 1 branch of the dungeon, and saw 2 of its levels.

You collected 93 gold pieces.

Inventory:

Hand Weapons
 a - a +0 hand crossbow (weapon)
 k - a +0 hunting sling
Missiles
 d - 2 poisoned darts
 h - 32 stones
Armour
 b - a +0 robe (worn)
 f - a +0 cloak (worn)
Scrolls
 c - a scroll of vulnerability
 g - a scroll of blinking {unknown}
 i - 3 scrolls of teleportation {unknown}
 j - a scroll of enchant armour {unknown}
Potions
 e - a potion of resistance


   Skills:
 - Level 1.1 Fighting
 + Level 5.1 Crossbows
 - Level 2.4 Dodging
 - Level 1.1 Spellcasting
 - Level 3.0 Hexes


You had 3 spell levels left.
You knew the following spells:

 Your Spells              Type           Power      Damage    Failure   Level
a - Slow                  Hex            28%        N/A       9%          1

Your spell library contained the following spells:

 Spells                   Type           Power      Damage    Failure   Level
 Magic Dart               Conj           0%         1d3       30%         1
 Searing Ray              Conj           0%         2d4       41%         2
 Inner Flame              Hex/Fire       4%         N/A       43%         3
 Portal Projectile        Hex/Tloc       8%         N/A       43%         3
 Cause Fear               Hex            3%         N/A       65%         4
 Fulminant Prism          Conj/Hex       2%         3d6       85%         4


Dungeon Overview and Level Annotations

Branches:
Dungeon (2/15)

Altars:
Vehumet

Annotations:
D:2 Sigmund


Innate Abilities, Weirdness & Mutations

You are small and have problems with some larger weapons.
You are completely attuned to the shadows.


Message History

Shoot: a) +0 hand crossbow
Press: ? - help, Q - select action, (/) - cycle Shift-Dir - straight line, f/p - Sigmund
Aim: Sigmund, wielding a +0 scythe and wearing a +0 robe (severely wounded, slow, 60% to hit)
You shoot a bolt. The bolt closely misses Sigmund.
Sigmund is no longer moving slowly.
Casting: Slow (safe; 8% risk of failure)
Confirm with . or Enter, or press ? or * to list all spells.
Aiming: Slow (safe; 8% risk of failure)
Press: ? - help, Shift-Dir - straight line, f/p - Sigmund
Aim: Sigmund, wielding a +0 scythe and wearing a +0 robe (severely wounded, chance to affect: 55%) Sigmund resists with significant effort.
Sigmund gestures at you while chanting.
You are confused.
You're too confused to cast spells.
Sorry, you're not good enough to have a special ability.
Unknown command.
It was a potion of resistance.
You feel protected.
It was a potion of attraction.
You feel attractive to monsters. Sigmund misses you.
Sigmund is attracted toward you.
It was a potion of degeneration.
There was something very wrong with that liquid.
You feel weakened.
You feel dopey.
You feel clumsy.
Sigmund casts a spell.
Sigmund flickers and vanishes!
Deactivating autopickup; reactivate with Ctrl-A.
You are too confused!
Something hits you but does no damage. Something is attracted toward you.
You clumsily bash something but do no damage.
Something completely misses you.
Non-targeted confused shoot: a) +0 hand crossbow
Press: ? - help, Q - select action, (/) - cycle Dir - look around, f - activate You shoot a bolt.
You feel less confused.
Shoot: a) +0 hand crossbow
Press: ? - help, Q - select action, (/) - cycle Shift-Dir - straight line You shoot a bolt.
Something hits you!
You die...

#...####......####.. #.###
##....####..### ....###.##.
###.....##### ........##.
##...)...# ...........
#......####..### ...........
#....####......####.....###.
#..####..........####.### #.
#.....................# #.
#..#.#.....@{....###..#####.
##...# ####+####>.....<.....
###.# .......########. #.#
######.# #. #.# #.# #S
#.##...# #.# #####.##...#
#.....##...#
##.#####...######


There were no monsters in sight!

Vanquished Creatures
  A worm (D:2)
  5 endoplasms
  2 giant cockroaches
  3 goblins
  5 hobgoblins
  4 kobolds
  2 quokkas (D:1)
  4 ball pythons
  4 frilled lizards
  6 rats
36 creatures vanquished.

Notes
Turn   | Place    | Note
-------+----------+-------------------------------------------
     0 | D:1      | bearlyready the Kobold Arcane Marksman began the quest for
                  | the Orb.
     0 | D:1      | Reached XP level 1. HP: 12/12 MP: 2/2
    92 | D:1      | Reached skill level 3 in Crossbows
   306 | D:1      | Reached XP level 2. HP: 16/16 MP: 3/3
   489 | D:1      | Reached skill level 4 in Crossbows
   993 | D:1      | Reached XP level 3. HP: 20/20 MP: 4/4
  1786 | D:2      | Found a radiant altar of Vehumet.
  1848 | D:2      | Reached skill level 5 in Crossbows
  2137 | D:2      | Noticed Sigmund
  2181 | D:2      | Mangled by Sigmund

Illustrated notes

Levels and vault maps discovered:
D:1:      dpeg_arrival_water_altar, layout_loops_ring
D:2:      layout_basic, shapermc_ecumenical_altar_mp_highgroup, basic_altar,
          minmay_misc_feat_x, uniq_crazy_yiuf_cottage, uniq_sigmund

Skill      XL: |  1  2  3 |
---------------+----------+-----
Crossbows      | 3 4 5 |  5.1
Fighting       | |  1.1
Dodging        | |  2.4
Spellcasting   | |  1.1
Hexes          | |  3.0

Action                   || total
-------------------------++-------
Melee: Hand crossbow     ||     1
 Fire: Hand crossbow     ||   120
 Cast: Slow              ||     5
  Use: Potion            ||     3
Armor: Robe              ||    11
Dodge: Dodged            ||    39

Table legend: (Time is in decaauts)
 A = Elapsed time spent in this place.
 B = Non-inter-level travel time spent in this place.
 C = Inter-level travel time spent in this place.
 D = Time resting spent in this place.
 E = Time spent auto-exploring this place.
 F = Levels seen in this place.
 G = Mean time per level.
                   A        B        C        D        E       F      G
               +--------+--------+--------+--------+--------+-----+--------+
         Total |   2221 |   2164 |     57 |      0 |   1878 |   2 | 1110.5 |
       Dungeon |   2221 |   2164 |     57 |      0 |   1878 |   2 | 1110.5 |
               +--------+--------+--------+--------+--------+-----+--------+

Top non-repeatable levels by time:
     D:1: 1160 daAuts
     D:2: 1061 daAuts
